 Dungeon Crawl Stone Soup version 0.23.2-40-g277498a (webtiles) character file.

Game seed: 4256141933302145568

155 Fang the Skirmisher (level 5, -1/33 HPs)
             Began as a Gargoyle Berserker on Sept 9, 2019.
             Was a Believer of Trog.
             Slain by an orc
             ... wielding a +0 morningstar
              (5 damage)
             ... on level 5 of the Dungeon.
             The game lasted 00:03:09 (1817 turns).

Fang the Skirmisher (Gargoyle Berserker)            Turns: 1817, Time: 00:03:10

Health: -1/33      AC: 15    Str: 21    XL:     5   Next: 37%
Magic:  5/5        EV:  7    Int:  8    God:    Trog [**....]
Gold:   100        SH:  0    Dex:  9    Spells: 4/4 levels left

rFire    . . .     SeeInvis .   a - +0 hand axe
rCold    . . .     Gourm    .   (no shield)
rNeg     + . .     Faith    .   b - +0 plate armour
rPois    ∞         Spirit   .   (no helmet)
rElec    +         Reflect  .   (no cloak)
rCorr    .         Harm     .   (no gloves)
MR       .....                  (no boots)
Stlth    ..........             (no amulet)
HPRegen  0.11/turn              (no ring)
MPRegen  0.09/turn              (no ring)

@: berserk cooldown, slowed, very slow
A: negative energy resistance 1, electricity resistance, unbreathing,
petrification resistance, rot immunity, AC +4
a: Berserk, Trog's Hand, Renounce Religion


You were on level 5 of the Dungeon.
You worshipped Trog.
Trog was pleased with you.
You were very hungry.

You visited 1 branch of the dungeon, and saw 4 of its levels.

You collected 100 gold pieces.

Inventory:

Hand Weapons
 a - a +0 hand axe (weapon)
Armour
 b - a +0 plate armour (worn)
Jewellery
 e - an uncursed amulet of magic regeneration {unknown}
Scrolls
 f - 2 scrolls of amnesia {unknown}
 g - 2 scrolls of identify {unknown}
Potions
 h - a potion of haste {unknown}
Comestibles
 c - 2 rations
 d - 3 chunks of flesh


   Skills:
 + Level 4.3 Fighting
 + Level 3.5 Axes
 + Level 3.5 Armour
 + Level 2.5 Dodging


You had 4 spell levels left.
You didn't know any spells.
Your spell library was empty.

Dungeon Overview and Level Annotations

Branches:
Dungeon (3/15)

Altars:


Innate Abilities, Weirdness & Mutations

You are resistant to torment.
Your stone body is resilient. (AC +4)
You are immune to poison.
You resist negative energy. (rN+)
You are resistant to electric shocks. (rElec)
You can survive without breathing.
You are immune to petrification.
You are immune to rotting.


Message History

You hear some strange, mumbled words.
A magic dart appears from out of thin air!
The magic dart hits you but does no damage.
The orc priest hits you but does no damage.
You closely miss the orc priest.
The orc priest is heavily wounded.
You barely miss the orc. You miss something. You hit the orc. x2
The orc barely misses you. x2; The orc hits you but does no damage.
Something hits you but does no damage.
The orc priest hits you but does no damage.
The orc hits you but does no damage. The orc hits you with a +0 morningstar!
* * * LOW HITPOINT WARNING * * *
The orc hits you but does no damage.
You hit the orc priest but do no damage.
The orc priest is heavily wounded.
You hit the orc but do no damage. You miss something. You closely miss the orc.
You hit the orc but do no damage. Something hits you but does no damage.
The orc priest miscasts a cantrip.
The orc hits you but does no damage. The orc hits you with a +0 morningstar.
You die...

#.#####.# #.#
###.# #.# #.#.#
#.# #.#.#
#.###.#.# . #..
..#.#
#.######.#.#
.......o.#.#
.#...##@{.#####
#....ooo.......
.......)o$.######
......#.$..#
#..........#
.......o...#
....>.....##
...........
#...........


You could see 2 orc priests and 4 orcs.

Vanquished Creatures
  A crimson imp (D:5)
  3 adders (D:2)
  3 gnolls (D:2)
  A shadow imp (D:5)
  A worm (D:3)
  3 leopard geckos
  An orc (D:5)
  6 bats
  3 giant cockroaches
  5 goblins
  8 hobgoblins
  2 jackals (D:2)
  A frilled lizard (D:1)
  10 kobolds
  2 rats
50 creatures vanquished.

Notes
Turn   | Place    | Note
-------+----------+-------------------------------------------
     0 | D:1      | Fang the Gargoyle Berserker began the quest for the Orb.
     0 | D:1      | Reached XP level 1. HP: 14/14 MP: 1/1
   218 | D:1      | Reached XP level 2. HP: 19/19 MP: 2/2
   403 | D:1      | Reached XP level 3. HP: 22/23 MP: 3/3
   715 | D:2      | Reached ** piety under Trog
   959 | D:2      | Reached XP level 4. HP: 27/29 MP: 4/4
  1171 | D:2      | Reached skill level 4 in Fighting
  1747 | D:3      | You fall through a shaft for 2 floors!
  1747 | D:5      | Entered Level 5 of the Dungeon
  1775 | D:5      | Reached XP level 5. HP: 27/33 MP: 5/5
  1817 | D:5      | Slain by an orc

Skill      XL: |  1  2  3  4 |
---------------+-------------+-----
Axes           | 3 |  3.5
Dodging        | 2 |  2.5
Armour         | 3 |  3.5
Fighting       | 4 |  4.3

Action                   |  1- 3 |  4- 6 || total
-------------------------+-------+-------++-------
Melee: Hand axe          |   138 |   115 ||   253
Invok: Berserk           |       |     2 ||     2
  Eat: Chunk             |       |     4 ||     4
Armor: Animal skin       |     8 |       ||     8
       Plate armour      |    93 |   112 ||   205
       Chain mail        |    19 |       ||    19
Dodge: Dodged            |    72 |    47 ||   119
